[Event "Blixt-SM 2025"]
[Site "Norrköping, Sweden"]
[Date "2025.09.26"]
[Round "8.1"]
[White "Seo, Jung Min"]
[Black "Persson, Richard"]
[Result "1-0"]
[TimeControl "3 min + 2 sec/move"]
[WhiteTitle "IM"]
[BlackTitle "CM"]
[WhiteElo "2480"]
[BlackElo "2106"]

1. e4 c6 2. d4 d5 3. e5 Bf5 4. h4 f6 5. Nf3 c5 6. dxc5 Nc6 7. Bb5 e6 8.
Be3 Nh6 9. Nd4 Qc7 10. exf6 O-O-O 11. Bxc6 bxc6 12. Nc3 gxf6 13. Qd2 Ng4 14. Bf4 Ne5 15. Nxf5 exf5 16. Na4 d4 17. O-O-O Rd5 18.
Kb1 Be7 19. Qb4 Rhd8 20. Rhe1 R8d7 21. a3 d3 22. cxd3 Qd8 23. Bxe5 fxe5 24. Qc4 Bf6 25. Qa6+ Kb8 26. Qxc6 Rb7 27. Nc3 Rd4 28. Nb5 e4 29. Nxd4 Bxd4 30. Re2 exd3 31. Rxd3 Rd7 32. Red2 f4 33. Rb3+ 1-0

[Event "Blixt-SM 2025"]
[Site "Norrköping, Sweden"]
[Date "2025.09.26"]
[Round "9.7"]
[White "Grahn, Vidar"]
[Black "Nygren, Kim"]
[Result "1-0"]
[TimeControl "3 min + 2 sec/move"]
[WhiteTitle "FM"]
[BlackTitle "CM"]
[WhiteElo "2236"]
[BlackElo "2173"]

1. d4 Nf6 2. c4 e6 3. g3 Bb4+ 4. Nd2 d5 5. Bg2 O-O 6. Ngf3 a5 7. O-O Be7 8. Qc2 Nc6 9. a3 a4 10. cxd5 exd5 11. Nb1 Ne4 12. Nc3 Bf5 13. Qd1 Nxc3 14. bxc3 Bf6 15. Bf4 h6 16. Ne5 g5 17. Nxc6 bxc6 18. Bd2 Re8 19. e3 Qd7 20. Qe2 Rab8 21. c4 Bxd4 22. Rad1 Bg7 23.
cxd5 cxd5 24. Bb4 c6 25. Rc1 Bg4 26.
Qa6 Re6 27. Qxa4 h5 28. Bc5 Bf5 29. Rfd1 Qe8 30. h4 gxh4 31. Qxh4 Bg6 32. Bd4 Bf8 33. Rc3 Be7 34. Qf4 Ra8 35.
Rdc1 Bd6 36. Qh6 Be5 37. Bxe5 Rxe5 38. Rxc6 d4 39. Rxg6+ fxg6 40. Bxa8 dxe3 41. fxe3 Rxe3 42. Bd5+ 1-0

[Event "Blixt-SM 2025"]
[Site "Norrköping, Sweden"]
[Date "2025.09.26"]
[Round "11.3"]
[White "Olsson, Linus"]
[Black "Smith, Axel"]
[Result "0-1"]
[TimeControl "3 min + 2 sec/move"]
[WhiteTitle "FM"]
[BlackTitle "GM"]
[WhiteElo "2166"]
[BlackElo "2431"]

1. d4 Nf6 2. c4 a6 3. g3 c6 4. Bg2 d5 5. b3 Bf5 6.
Nf3 h6 7. O-O e6 8. Bb2 Nbd7 9. Nbd2 Be7 10. Re1 O-O 11. Ne5 Qc7 12. Nxd7 Qxd7 13. e4 dxe4 14. Nxe4 Nxe4 15. Bxe4 Bxe4 16. Rxe4 Rad8 17. Qe2 Bf6 18. Rd1 Qc7 19. h4 Qa5 20.
Rf4 Qxa2 21. Rxf6 gxf6 22. d5 e5 23. Qg4+ Kh8 24. Bc1 Qc2 25. d6 Qg6 26. Qf3 h5 27. c5 Kg7 28. d7 Qg4 29.
Qd3 Qe6 30. Bb2 f5 31. f4 f6 32. fxe5 fxe5 33. Qe3 Kh7 34. Rd6 f4 35. Qe4+ Qf5 36. Qxf5+ Rxf5 37.
Bc3 Rf7 38. Bxe5 fxg3 39. Bxg3 Rdxd7 40. Re6 Rde7 41. Rd6 Rd7 42.
Re6 Rg7 43. Kh2 Rd2+ 44. Kh3 Rd3 0-1

[Event "Blixt-SM 2025"]
[Site "Norrköping, Sweden"]
[Date "2025.09.26"]
[Round "1.8"]
[White "Tadjerbashi, Amir"]
[Black "Umegard, Torbjorn"]
[Result "1/2-1/2"]
[TimeControl "3 min + 2 sec/move"]
[WhiteElo "2235"]
[BlackElo "2063"]

1. e4 Nc6 2. d4 d5 3.
Nc3 e6 4. Nf3 Nf6 5. e5 Ne4 6. Bd3 Bb4 7.
Bd2 Nxd2 8. Qxd2 O-O 9. h4 f6 10. exf6 Qxf6 11. O-O e5 12. Nxd5 Bxd2 13. Nxf6+ gxf6 14. Nxd2 Nxd4 15. c3 Nc6 16. Bc4+ Kg7 17. Rad1 Bf5 18.
Bd5 Rfd8 19. Bxc6 bxc6 20. Nb3 Be6 21. Nc5 Kf7 22. b3 Ke7 23. c4 Rd6 24. Ne4 Rxd1 25. Rxd1 a5 26. Nc5 h6 27. f3 Rb8 28. Kf2 Rg8 29. g4 Rh8 30. h5 Rg8 31. Ke3 Bc8 32. a3 Rf8 33. b4 axb4 34. axb4 f5 35. gxf5 Rxf5 36. Rg1 Kf7 37. Rd1 Rxh5 38. Rd8 Bf5 39. b5 Rh4 40. Nd3 Bxd3 41. Kxd3 cxb5 42. cxb5 Rb4 43. Rd7+ Ke6 44. Rxc7 Rxb5 45. Rc6+ Kf5 46. Rxh6 Rb3+ 47. Ke2 Kf4 48. Rf6+ Kg5 49. Rf8 1/2-1/2

[Event "Blixt-SM 2025"]
[Site "Norrköping, Sweden"]
[Date "2025.09.26"]
[Round "3.4"]
[White "Olsson, Linus"]
[Black "Grahn, Vidar"]
[Result "1-0"]
[TimeControl "3 min + 2 sec/move"]
[WhiteTitle "FM"]
[BlackTitle "FM"]
[WhiteElo "2166"]
[BlackElo "2236"]

1. d4 d5 2. c4 e6 3. Nf3 Nf6 4. g3 Bb4+ 5. Nbd2 dxc4 6. Qc2 b5 7. Bg2 a5 8. O-O a4 9. Ne4 Bb7 10.
Nxf6+ Qxf6 11. Bf4 Bd6 12. Bg5 Qg6 13. Qd2 f6 14. Bf4 O-O 15. Nh4 Qf7 16. Bxb7 Ra7 17. Bxd6 cxd6 18. Bg2 d5 19.
e4 Nc6 20. exd5 exd5 21. Nf5 Rd8 22.
a3 Na5 23. Rae1 Nb3 24. Qe3 Raa8 25. Qf4 Ra7 26. Re2 Rad7 27. Rfe1 Qg6 28. Ne7+ Rxe7 29. Rxe7 1-0

[Event "Blixt-SM 2025"]
[Site "Norrköping, Sweden"]
[Date "2025.09.26"]
[Round "4.10"]
[White "Lind, Jan-Olov"]
[Black "Bergdahl, Martin"]
[Result "0-1"]
[TimeControl "3 min + 2 sec/move"]
[WhiteElo "2057"]
[BlackElo "1954"]

1. e4 c6 2. d4 d5 3. exd5 cxd5 4. c4 Nf6 5. Nc3 Nc6 6. Nf3 Be6 7. c5 Bg4 8. Bb5 Bxf3 9. Qxf3 e6 10. Bf4 Be7 11. O-O O-O 12. Bxc6 bxc6 13. Rfe1 Qa5 14. a3 Bd8 15.
b4 Qa6 16. a4 Qc4 17. Be5 Qxb4 18. Reb1 Qa5 19. Rb7 Qa6 20. Rab1 Rc8 21. g4 Ne4 22. Nxe4 dxe4 23. Qxe4 Qxa4 24.
Qf4 Qc2 25. Bd6 Bf6 26. g5 Bxd4 27. Qxd4 Rfd8 28. Qf4 Qg6 29. h4 Rd7 30. Rb8 Rdd8 31. Rxc8 Qxb1+ 32. Kg2 Rxc8 33. h5 Qf5 34. Qd2 Qd5+ 35. Qxd5 cxd5 36. Kf3 Rc6 37. Ke3 a5 38. Kd4 f6 39. f4 fxg5 40. fxg5 h6 41. g6 Ra6 42. Kc3 a4 43. Kb4 d4 44.
Bf4 Rc6 45. Kb5 a3 46. Bc1 a2 47.
Bb2 d3 48. Kxc6 d2 49. Kd6 d1=Q+ 50. Kxe6 Qe2+ 51. Kd6 Qxb2 0-1

[Event "Blixt-SM 2025"]
[Site "Norrköping, Sweden"]
[Date "2025.09.26"]
[Round "6.6"]
[White "Muntean, Victor"]
[Black "Wernberg, Hugo"]
[Result "1/2-1/2"]
[TimeControl "3 min + 2 sec/move"]
[BlackTitle "FM"]
[WhiteElo "2151"]
[BlackElo "2285"]

1. e4 c5 2. c3 Nf6 3. e5 Nd5 4. Nf3 d6 5. Na3 dxe5 6.
Nxe5 e6 7. g3 Nd7 8. Nac4 Nxe5 9. Nxe5 Bd6 10. Qe2 O-O 11. Bg2 Qc7 12. Nc4 Be7 13. O-O b5 14. Ne3 Nxe3 15. fxe3 Rb8 16. d4 Bb7 17. e4 cxd4 18.
cxd4 e5 19. d5 Bc5+ 20. Kh1 Qb6 21. b3 a5 22. Bb2 f6 23. Rfd1 Bc8 24. Rac1 Bd7 25. Bf3 Rfc8 26. Bg4 Qd6 27. Qf3 Ba7 28. Rxc8+ Rxc8 29. Rc1 Rxc1+ 30. Bxc1 Qc5 31. Be3 Bxg4 32. Qxg4 Qxe3 33. Qe6+ Kf8 34. Qd6+ Kf7 35. Qe6+ Kg6 36. Qf5+ Kh6 37. Qh3+ Kg5 38. Qf5+ Kh6 39. Qh3+ Kg6 40. Qf5+ Kf7 41. Qe6+ Kf8 42. Qc8+ Ke7 43. Qc7+ Ke8 44. Qc8+ Ke7 45. Qc7+ 1/2-1/2

[Event "Blixt-SM 2025"]
[Site "Norrköping, Sweden"]
[Date "2025.09.26"]
[Round "8.2"]
[White "Carlsson, Ludvig"]
[Black "Religa, Marek"]
[Result "1-0"]
[TimeControl "3 min + 2 sec/move"]
[WhiteTitle "IM"]
[WhiteElo "2389"]
[BlackElo "2207"]

1. b3 d6 2. d4 f5 3. e3 Nf6 4. Bb2 g6 5. h4 Be6 6. h5 g5 7. Nc3 h6 8. Bd3 Qd7 9. Nge2 Bf7 10. Ng3 e6 11. d5 f4 12. Nce4 Nxd5 13. exf4 gxf4 14. Ne2 e5 15.
c4 Be7 16. cxd5 Bxd5 17. Nxf4 exf4 18. Bxh8 Nc6 19. Nf6+ Bxf6 20. Bxf6 Kf7 21. Bg6+ Kxf6 22. Qxd5 Qe7+ 23. Kf1 Ne5 24. Re1 c6 25. Qe4 Kg7 26. Qxf4 Rf8 27. Qg3 Kh8 28. Rh4 Qf6 29. Bc2 Rg8 30. Rf4 Qe7 31. Bg6 Qg7 32.
Qe3 a5 33. g3 Qd7 34. Kg2 Qe7 35. Rf7 1-0

[Event "Blixt-SM 2025"]
[Site "Norrköping, Sweden"]
[Date "2025.09.26"]
[Round "11.4"]
[White "Muntean, Victor"]
[Black "Lindh, Fredrik"]
[Result "1-0"]
[TimeControl "3 min + 2 sec/move"]
[BlackTitle "FM"]
[WhiteElo "2151"]
[BlackElo "2249"]

1. e4 c5 2. c3 g6 3. d4 cxd4 4. cxd4 d5 5. e5 Nc6 6.
Nf3 Bg7 7. Nc3 Nh6 8. Qb3 Nf5 9. Qxd5 Nfxd4 10. Nxd4 Nxd4 11. Bb5+ Nxb5 12. Qxb5+ Bd7 13. Qe2 Qc7 14. Bf4 Be6 15.
Rc1 O-O 16. b3 Rac8 17. O-O Qa5 18.
Na4 Bd7 19. Qe4 Bc6 20. Qc4 Bxe5 21. Bxe5 Qxe5 22. Qh4 Qd5 23. Qg3 Bxa4 24. bxa4 Rxc1 25. Rxc1 Qxa2 26. Qh4 Qd2 27. Rb1 Qc2 28. Re1 e6 29. h3 Rc8 30. Re4 Qd1+ 31. Kh2 Qd6+ 32. g3 Rc2 33. Rf4 Qb6 34.
Qf6 Qc7 35. h4 h5 36. Rf3 a6 37. Rd3 Kh7 38. Kh3 Rc5 39. Rd8 Qxd8 40. Qxd8 Rd5 41. Qe7 Kg7 42. Qxb7 a5 43. Qb6 Rf5 44. f4 Rd5 45. Kg2 Kf6 46. Kf3 Kg7 47. Ke4 Kf6 48. Qc6 Kg7 49. Qxd5 exd5+ 50. Kxd5 Kf6 51.
Kc5 Ke6 52. Kb5 Kd5 53. Kxa5 Kc5 54. Ka6 Kc6 55. a5 f5 56. Ka7 Kc7 57. a6 Kc8 58.
Kb6 1-0

[Event "Blixt-SM 2025"]
[Site "Norrköping, Sweden"]
[Date "2025.09.26"]
[Round "1.9"]
[White "Halvarsson, Peter"]
[Black "Grahn, Vidar"]
[Result "0-1"]
[TimeControl "3 min + 2 sec/move"]
[BlackTitle "FM"]
[WhiteElo "1933"]
[BlackElo "2236"]

1. e4 c5 2. a3 g6 3. h4 d5 4. exd5 Nf6 5. h5 Nxh5 6.
Rxh5 gxh5 7. Qxh5 Nd7 8. Bc4 Nf6 9. Qf3 Bg4 10. Bb5+ Bd7 11. Bc4 a6 12. a4 Bg4 13. Qb3 Qc7 14.
d6 exd6 15. Nc3 Bg7 16. f3 Be6 17. Nge2 Bxc4 18. Qxc4 O-O 19. d3 Qc6 20. Be3 b5 21. Qh4 b4 22. Ne4 Nxe4 23. fxe4 d5 24.
exd5 Qxd5 25. Nf4 Qe5 26. Kd2 Rfe8 27. Qh3 c4 28. Rh1 h6 29. d4 Rad8 30. c3 Qe4 31. Qg3 bxc3+ 32. bxc3 Rb8 33. Nh5 Rb2+ 34. Ke1 Qb1# 0-1

[Event "Blixt-SM 2025"]
[Site "Norrköping, Sweden"]
[Date "2025.09.26"]
[Round "3.5"]
[White "Nygren, Kim"]
[Black "Bohman Karlholm, Adrian"]
[Result "1-0"]
[TimeControl "3 min + 2 sec/move"]
[WhiteTitle "CM"]
[WhiteElo "2173"]
[BlackElo "2102"]

1. d4 Nf6 2. Bg5 e6 3. e4 h6 4. Bxf6 Qxf6 5. Nf3 b6 6. e5 Qd8 7. Nbd2 Bb7 8. Bd3 d6 9. Qe2 Nd7 10.
O-O dxe5 11. dxe5 Be7 12. Rad1 Qc8 13. Nd4 c5 14. Nxe6 fxe6 15. Bg6+ Kd8 16. Nc4 Bd5 17. Ne3 Bc6 18.
Qg4 Kc7 19. Qxe6 Bg5 20. f4 Bd8 21. Nc4 Nf8 22. Qf7+ Kb8 23. Bf5 Qc7 24. Qh5 g6 25. Bxg6 Rg8 26. f5 Be7 27. f6 Rxg6 28. g3 Rg5 29. Qxh6 Rg6 30. fxe7 Rxh6 31. exf8=Q+ Kb7 32. Nd6+ Ka6 33. Qxh6 1-0

[ePGN "0.1;DGT LiveChess/2.2.7"]

[Event "Blixt-SM 2025"]
[Site "Norrköping, Sweden"]
[Date "2025.09.26"]
[Round "5.1"]
[White "Nygren, Kim"]
[Black "Seo, Jung Min"]
[Result "0-1"]
[TimeControl "3 min + 2 sec/move"]
[WhiteTitle "CM"]
[BlackTitle "IM"]
[WhiteElo "2173"]
[BlackElo "2480"]

1. d4 Nf6 2. c4 e6 3.
Nc3 Bb4 4. Qc2 h6 5. Nf3 b6 6.
e4 Bb7 7. Bd3 O-O 8. d5 exd5 9. exd5 Re8+ 10. Be3 Bc5 11. O-O-O Bxe3+ 12. fxe3 Na6 13. e4 Nb4 14. Qe2 Nxd3+ 15. Qxd3 d6 16. Nd4 Ng4 17. Qe2 Bc8 18. Kb1 Ne5 19.
h3 Bd7 20. g4 a6 21. Rdf1 c5 22. dxc6 Nxc6 23. Nf5 Be6 24. h4 Ne5 25. Nd5 b5 26. g5 Nxc4 27. Nxg7 Bxd5 0-1

[Event "Blixt-SM 2025"]
[Site "Norrköping, Sweden"]
[Date "2025.09.26"]
[Round "6.7"]
[White "Bohman Karlholm, Adrian"]
[Black "Smith, Axel"]
[Result "1-0"]
[TimeControl "3 min + 2 sec/move"]
[BlackTitle "GM"]
[WhiteElo "2102"]
[BlackElo "2431"]

1. d4 Nf6 2. c4 a6 3.
Nc3 c5 4. d5 b5 5. cxb5 axb5 6. Nxb5 e6 7. e4 Nxe4 8. Nf3 Ba6 9. Nc3 Nxc3 10. bxc3 Bxf1 11. Kxf1 Be7 12. g3 Bf6 13.
Bb2 Qa5 14. Qd3 Qa6 15. Ke2 exd5 16. Rhd1 O-O 17. Qxa6 Rxa6 18. Rxd5 c4 19. a4 Rc8 20. Nd4 Bxd4 21. Rxd4 Kf8 22.
Bc1 Ke8 23. Bf4 Re6+ 24. Kd2 Na6 25.
Bd6 Rc6 26. Ba3 Re5 27. Rb1 f6 28.
Rb7 Nc7 29. Rb4 d5 30. a5 Na6 31. Rb6 Kd7 32. f4 Rh5 33. Ke3 Rxb6 34. axb6 Kc6 35. h4 Kxb6 36. Bf8 g6 37. Kf3 Kc6 38. Be7 f5 39. Rd1 Nc5 40. Ra1 Ne4 41. Bb4 h6 42. Ra6+ Kb5 43. Rxg6 Ka4 44. Rg8 Kb3 45. Rd8 Nxc3 46. Bxc3 Kxc3 47. Rxd5 Kb2 48. Ke3 Kc3 49.
Rd8 Kc2 50. Rc8 Kc3 51. Rc7 Kb3 52.
Kd4 Kc2 53. Rxc4+ Kd2 54. Ke5 Ke3 55. Rc3+ Kf2 56. Kf6 1-0

[Event "Blixt-SM 2025"]
[Site "Norrköping, Sweden"]
[Date "2025.09.26"]
[Round "8.3"]
[White "Olsson, Linus"]
[Black "Johnson, Daniel"]
[Result "1-0"]
[TimeControl "3 min + 2 sec/move"]
[WhiteTitle "FM"]
[WhiteElo "2166"]
[BlackElo "2177"]

1. d4 Nf6 2. c4 e6 3. g3 d5 4. Bg2 Be7 5. Nf3 O-O 6. O-O dxc4 7. Qc2 a6 8.
a4 Bd7 9. Qxc4 Bc6 10. Bg5 a5 11. Nc3 Ra6 12. Rfe1 Rb6 13. e4 Rxb2 14. Rad1 Rb4 15. Qe2 h6 16.
Bf4 Nbd7 17. d5 exd5 18. exd5 Bxa4 19. Nxa4 Rxa4 20. Qxe7 Qxe7 21. Rxe7 Nb6 22. Ne5 Rc8 23. Rxf7 Nc4 24.
Re7 Nd6 25. Bh3 Rb8 26. Be6+ Kh7 27. Rxc7 Nde8 28. Re7 b5 29. d6 b4 30. d7 Nc7 31. Bf5+ Kg8 32. d8=Q+ Rxd8 33. Rxd8+ Nce8 34. Rexe8+ Nxe8 35. Rxe8# 1-0

[Event "Blixt-SM 2025"]
[Site "Norrköping, Sweden"]
[Date "2025.09.26"]
[Round "9.9"]
[White "Sandberg, Lucas"]
[Black "Tornberg, Carlos"]
[Result "1-0"]
[TimeControl "3 min + 2 sec/move"]
[WhiteElo "2268"]
[BlackElo "2053"]

1. Nc3 e5 2. Nf3 Nc6 3. e4 Nf6 4.
h3 Bb4 5. a3 Bxc3 6. dxc3 Nxe4 7. Nxe5 Nxe5 8. Qd4 O-O 9. Qxe4 d5 10. Qf4 Ng6 11. Qg3 d4 12. cxd4 Qxd4 13.
Qe3 Qa4 14. Qb3 Qa5+ 15. Qb4 Qe5+ 16. Be3 a5 17. Qd4 Qxd4 18. Bxd4 Bf5 19. O-O-O Rfe8 20.
h4 Nf4 21. Be3 Ne6 22. h5 h6 23. Bc4 Rad8 24. Rxd8 Rxd8 25. f3 Nf8 26. g4 Be6 27. Bd3 b6 28. Rg1 Bd5 29. f4 Re8 30. Bd2 Be4 31. Re1 Bc6 32. Rg1 Be4 33. Bb5 c6 34. Bc4 b5 35. Ba2 Bf3 36. Bxa5 Re2 37.
Bd2 Ne6 38. Bb3 Nd4 39. Rg3 Re4 40.
Kb1 Be2 41. g5 hxg5 42. Rxg5 Nxb3 43. cxb3 Bd3+ 44. Kc1 Re2 45. Bc3 g6 46. hxg6 fxg6 47. Rc5 Be4 48. a4 bxa4 49. bxa4 Rf2 50. Be5 Rf1+ 51. Kd2 Rf2+ 52. Ke3 1-0

[Event "Blixt-SM 2025"]
[Site "Norrköping, Sweden"]
[Date "2025.09.26"]
[Round "11.5"]
[White "Rogoz, Vladyslav"]
[Black "Religa, Marek"]
[Result "1-0"]
[TimeControl "3 min + 2 sec/move"]
[WhiteElo "2108"]
[BlackElo "2207"]

1. d4 g6 2. c4 Bg7 3. Nc3 Nf6 4. e4 d6 5. f4 O-O 6. Nf3 c5 7.
d5 Na6 8. Be2 Nc7 9. O-O Rb8 10. a4 a6 11. a5 b5 12. axb6 Rxb6 13. e5 dxe5 14.
Na4 Rb8 15. fxe5 Ng4 16. d6 exd6 17. exd6 Ne6 18. h3 Ne5 19. Be3 Bd7 20. Nxc5 Nxc5 21. Bxc5 Rxb2 22. Rxa6 Qc8 23. Ra5 Be6 24. Nxe5 Bxe5 25. Bd4 Bxd4+ 26. Qxd4 Rxe2 27. c5 Bxh3 28.
Rf2 Re1+ 29. Kh2 Bd7 30. Ra7 Qd8 31. Rf4 Bc6 32. Rc7 Ba8 33. c6 Qg5 34. d7 Rd1 35. Qf6 Qh5+ 36. Rh4 Qe2 37. Rc8 Qd2 38. Rxf8+ Kxf8 39. Rxh7 Qd6+ 40. Qxd6+ Rxd6 41. c7 1-0

[Event "Blixt-SM 2025"]
[Site "Norrköping, Sweden"]
[Date "2025.09.26"]
[Round "1.10"]
[White "Nygren, Kim"]
[Black "Dolata, Henryk"]
[Result "1-0"]
[TimeControl "3 min + 2 sec/move"]
[WhiteTitle "CM"]
[WhiteElo "2173"]
[BlackElo "1943"]

1. d4 d5 2. c4 e5 3.
Nc3 dxc4 4. d5 c6 5. e4 cxd5 6. exd5 Nf6 7.
Bxc4 Be7 8. Bb5+ Bd7 9. d6 Bxb5 10. Nxb5 Qa5+ 11. Nc3 Bd8 12. Nf3 O-O 13. O-O Nc6 14. Re1 Bb6 15. Bg5 Ng4 16. Bh4 f6 17. a3 Bd8 18.
b4 Qb6 19. Qd5+ Kh8 20. Na4 Qa6 21.
Nc5 Qb6 22. Nd7 1-0

[Event "Blixt-SM 2025"]
[Site "Norrköping, Sweden"]
[Date "2025.09.26"]
[Round "3.6"]
[White "Iwraeus, Lowe"]
[Black "Berovski, Krum"]
[Result "0-1"]
[TimeControl "3 min + 2 sec/move"]
[WhiteElo "2060"]
[BlackElo "2344"]

1. d4 Nf6 2. Nf3 e6 3.
g3 d5 4. Bg2 c5 5. O-O Nc6 6. b3 cxd4 7. Nxd4 e5 8. Nxc6 bxc6 9. Bb2 e4 10. e3 Be7 11. Nd2 O-O 12. c4 Be6 13. Qc2 Qd7 14. Rfd1 Qb7 15. Rac1 Rac8 16. h3 a5 17.
Bf1 h5 18. Nb1 Qd7 19. h4 Ng4 20. cxd5 cxd5 21. Qd2 a4 22. Rxc8 Rxc8 23. Rc1 Rxc1 24. Qxc1 axb3 25. axb3 Qd6 26.
Bd4 Bxh4 27. Qe1 Bf6 28. Bxf6 Nxf6 29. Be2 Bg4 30. Bf1 d4 31. exd4 Qxd4 32. Qe3 Qb2 33. Nd2 Nd5 34. Qg5 e3 35.
Qxd5 exd2 0-1

[Event "Blixt-SM 2025"]
[Site "Norrköping, Sweden"]
[Date "2025.09.26"]
[Round "5.2"]
[White "Olsson, Linus"]
[Black "Berovski, Krum"]
[Result "1-0"]
[TimeControl "3 min + 2 sec/move"]
[WhiteTitle "FM"]
[WhiteElo "2166"]
[BlackElo "2344"]

1. d4 Nf6 2. c4 e6 3. g3 Bb4+ 4. Nd2 d5 5. Bg2 c6 6.
Qc2 O-O 7. Ngf3 Nbd7 8. O-O b6 9. b3 Bb7 10. Bb2 Rc8 11. e4 Be7 12. Rad1 Qc7 13. Rfe1 Rfd8 14. h4 h6 15. e5 Nh7 16. Qd3 c5 17. Qe3 cxd4 18.
Bxd4 Nc5 19. Bb2 dxc4 20. Nxc4 Rxd1 21. Rxd1 Rd8 22. Rd2 Nf8 23. Nd6 Bxd6 24. exd6 Qc6 25. Ne1 Qd7 26. b4 Bxg2 27. Nxg2 Nb7 28. Nf4 f6 29. Nh5 Qf7 30. Qf3 Rxd6 31. Rc2 e5 32.
Rc8 Rd8 33. Rc2 Nd6 34. Qg4 f5 35.
Qe2 Ng6 36. Bxe5 Re8 37. f4 Nxe5 38. fxe5 Ne4 39. Nf4 Rxe5 40. Qd3 Re8 41. a4 Kh7 42. h5 Qe7 43. Re2 Qxb4 44. Kg2 Qc5 45. Qd7 Re7 46. Qd8 Qe5 47. Re3 Re8 48. Qd7 Qb2+ 49. Re2 Qe5 50. Qxa7 Qd6 51. Qb7 Re7 52. Qc8 Qc5 53. Qd8 Rf7 54. Ng6 Rf8 55. Nxf8+ 1-0

[Event "Blixt-SM 2025"]
[Site "Norrköping, Sweden"]
[Date "2025.09.26"]
[Round "6.8"]
[White "Bergdahl, Daniel"]
[Black "Sandberg, Lucas"]
[Result "0-1"]
[TimeControl "3 min + 2 sec/move"]
[WhiteElo "1864"]
[BlackElo "2268"]

1. e4 c6 2. d4 g6 3. Nc3 Bg7 4. Nf3 d5 5. exd5 cxd5 6. Be3 Nf6 7. Bd3 O-O 8. O-O Nc6 9. a3 Bf5 10. Bxf5 gxf5 11. Bf4 Rc8 12. Ne5 e6 13. f3 Qb6 14. Nxc6 Rxc6 15. Na4 Qb5 16. c3 b6 17. Be5 Qa6 18.
b3 Qc8 19. Qd2 Nd7 20. Bxg7 Kxg7 21. f4 Nf6 22. Rac1 Ne4 23. Qd3 Qc7 24. b4 Rc8 25. Rf3 a5 26. bxa5 bxa5 27. Rh3 Rc4 28. Nc5 Rxc5 29. dxc5 Qxc5+ 30. Qe3 d4 31. Qd3 dxc3+ 32. Re3 Rd8 33. Qe2 Rd2 34. Qf3 Rf2 35. Qxf2 Nxf2 36. Kxf2 Qd4 37. Kf3 Qd5+ 38. Kg3 h5 39. Rcxc3 Qd1 40. Rf3 Qe1+ 41. Kh3 Kf6 42.
Rce3 Qc1 43. Rg3 Qc7 44. Re5 Qc4 45. Rf3 Qa4 46. Ree3 Qd4 47. Rd3 Qa1 48. Rde3 Qd4 49. Rd3 Qa4 50.
Rde3 Kg6 51. Rg3+ Kh6 52. Rgf3 Kg7 53. Rg3+ Kf8 54. Rgf3 Ke7 55. Rb3 f6 56.
Rb7+ Kd6 57. Rb6+ Ke7 58. Rbb3 e5 59. Rbe3 Kf7 60. g3 e4 61.
Rf2 Qd4 62. Rfe2 Qd1 63. Kh4 Ke6 64.
Kxh5 Qd8 0-1

[Event "Blixt-SM 2025"]
[Site "Norrköping, Sweden"]
[Date "2025.09.26"]
[Round "8.4"]
[White "Bjorklund, Thomas"]
[Black "Tadjerbashi, Amir"]
[Result "1/2-1/2"]
[TimeControl "3 min + 2 sec/move"]
[WhiteElo "2103"]
[BlackElo "2235"]

1. e4 e5 2. Nf3 d6 3. Nc3 c6 4. d4 Qc7 5. Be2 h6 6. Be3 Nf6 7. Qd2 Be7 8. O-O-O Be6 9. Kb1 Nbd7 10. h3 Nb6 11. g4 Nc4 12. Bxc4 Bxc4 13. dxe5 dxe5 14. g5 hxg5 15. Nxg5 Bb4 16.
a3 Be7 17. f4 Rd8 18. Qf2 b6 19. Rxd8+ Bxd8 20. fxe5 Qxe5 21. Rg1 Be7 22. Bd4 Qa5 23. e5 Nh5 24. b3 Bd5 25. Nxd5 Qxd5 26. c4 Qd7 27. Qxf7+ Kd8 28. Rd1 Kc8 29. e6 Qd6 30.
Ne4 Qd8 31. Rd2 Qf8 32. Rf2 Qd8 33.
Rd2 Qf8 34. Rf2 Qd8 35. Rd2 1/2-1/2

[Event "Blixt-SM 2025"]
[Site "Norrköping, Sweden"]
[Date "2025.09.26"]
[Round "9.10"]
[White "Wernberg, Hugo"]
[Black "Wiklund, Johan"]
[Result "1-0"]
[TimeControl "3 min + 2 sec/move"]
[WhiteTitle "FM"]
[WhiteElo "2285"]
[BlackElo "1984"]

1. g3 g6 2. Bg2 Bg7 3.
e4 d6 4. d4 Nf6 5. Ne2 O-O 6. O-O e5 7. Nbc3 Nc6 8. d5 Ne7 9. h3 a6 10.
a4 Bd7 11. Kh2 b5 12. a5 Ne8 13. f4 f5 14. fxe5 Bxe5 15. Bh6 Rf7 16. Nd4 Ng7 17. Bxg7 Kxg7 18. Ne6+ Bxe6 19. dxe6 Rf8 20.
exf5 Nxf5 21. Rxf5 Rxf5 22. e7 Qe8 23. Bxa8 Qxa8 24. Nd5 Bxg3+ 25. Kxg3 Rxd5 26. Qxd5 Qxd5 27. e8=Q Qg5+ 28. Kf3 Qf5+ 29. Ke3 Qxh3+ 30. Kd2 Qf5 31. Re1 Qf4+ 32. Qe3 Qb4+ 33. Qc3+ 1-0

[Event "Blixt-SM 2025"]
[Site "Norrköping, Sweden"]
[Date "2025.09.26"]
[Round "11.6"]
[White "Bohman Karlholm, Adrian"]
[Black "Tadjerbashi, Amir"]
[Result "1/2-1/2"]
[TimeControl "3 min + 2 sec/move"]
[WhiteElo "2102"]
[BlackElo "2235"]

1. d4 d5 2. c4 e6 3. Nc3 c6 4. e4 Bb4 5. cxd5 exd5 6. exd5 Qxd5 7. Nf3 Bg4 8. Be2 Nf6 9. a3 Qa5 10.
Bd2 Be7 11. Ne5 Bxe2 12. Qxe2 Qd8 13. Be3 O-O 14. O-O Nbd7 15.
Rad1 Nb6 16. Bg5 Nfd5 17. Bxe7 Qxe7 18. Rfe1 Rfe8 19. Qf3 f6 20. Nd3 Qd6 21. Nc5 Re7 22. N3e4 Qc7 23. Ng3 Rae8 24. Rxe7 Qxe7 25. h4 g6 26.
h5 Kf7 27. Qg4 Nc4 28. b3 Nd6 29. hxg6+ hxg6 30. Qh4 Kg7 31. Nd3 f5 32. Qxe7+ Rxe7 33. Ne5 Nf7 34. Nc4 Nf4 35.
Kf1 Rd7 36. Ne2 Nd5 37. g3 Ng5 38. Ne5 Re7 39. Kg2 Nf7 40. Nxf7 Rxe2 41. Ne5 Ne3+ 42. Kf3 Nxd1 43. Kxe2 Nc3+ 44. Kd3 Nd5 45. f4 Kf6 46. Kc4 Ne3+ 47. Kd3 Nf1 48. Nc4 Nxg3 49. Nd6 b6 50. Nc8 Nh5 51. Ke3 Ke6 52. Nxa7 Kd7 53. b4 b5 54. d5 cxd5 55. Nxb5 Kc6 56. Nc3 d4+ 57. Kxd4 Nxf4 58. Ke5 Nd3+ 59. Kf6 f4 60. Kxg6 f3 61. Ne4 Kd5 62.
Ng3 f2 63. Kf5 Kd4 64. b5 Kc5 65. Ke4 Nb2 66. Kf3 Nd3 67. Ke2 Ne5 68. a4 Kb4 69. b6 Ka5 70. b7 Nc6 71. Nf5 Ka6 72. Nd4 Kxb7 73. Nxc6 Kxc6 74. Kxf2 Kb6 75. Ke2 Ka5 76. Kd2 Kxa4
1/2-1/2

[ePGN "0.1;DGT LiveChess/2.2.7"]

[Event "Blixt-SM 2025"]
[Site "Norrköping, Sweden"]
[Date "2025.09.26"]
[Round "2.1"]
[White "Seo, Jung Min"]
[Black "Ostling, Hakan"]
[Result "1-0"]
[TimeControl "3 min + 2 sec/move"]
[WhiteTitle "IM"]
[WhiteElo "2480"]
[BlackElo "2117"]

1. e4 g6 2. d4 Bg7 3. c4 d6 4. Nc3 Nf6 5. f3 O-O 6.
Be3 e5 7. d5 c6 8. Nge2 Na6 9. Ng3 cxd5 10. cxd5 Nc5 11. b4 Ncd7 12. Bd3 a6 13. O-O h5 14. Nge2 Kh7 15.
a4 b6 16. a5 b5 17. Qd2 Ng8 18. Rac1 Bh6 19.
Nd1 f5 20. exf5 gxf5 21. f4 e4 22. Bb1 Ngf6 23. Nd4 Nb8 24. Ne6 Bxe6 25. dxe6 Qe7 26. Ba2 Ng4 27. h3 Nxe3 28. Nxe3 Ra7 29. Qd5 Qf6 30. Qxd6 Re7 31. Nd5 Qd4+ 32. Kh1 Rg7 33. Qxf8 Rxg2 34. Qxf5+ Rg6 35. Rg1 1-0

[Event "Blixt-SM 2025"]
[Site "Norrköping, Sweden"]
[Date "2025.09.26"]
[Round "3.7"]
[White "Wernberg, Hugo"]
[Black "Rogoz, Vladyslav"]
[Result "1-0"]
[TimeControl "3 min + 2 sec/move"]
[WhiteTitle "FM"]
[WhiteElo "2285"]
[BlackElo "2108"]

1. g3 e6 2. c4 d5 3. cxd5 exd5 4. Bg2 c6 5.
Nf3 Nf6 6. O-O Bd6 7. Nc3 O-O 8. d3 Re8 9. Re1 h6 10.
e4 dxe4 11. dxe4 Bg4 12. e5 Bxf3 13. Bxf3 Qe7 14. Bf4 g5 15.
Qd2 gxf4 16. exf6 Qf8 17. Rxe8 Qxe8 18. Qxd6 fxg3 19. Qxg3+ 1-0

[Event "Blixt-SM 2025"]
[Site "Norrköping, Sweden"]
[Date "2025.09.26"]
[Round "5.3"]
[White "Tadjerbashi, Amir"]
[Black "Religa, Marek"]
[Result "1-0"]
[TimeControl "3 min + 2 sec/move"]
[WhiteElo "2235"]
[BlackElo "2207"]

1. e4 g6 2. d4 Bg7 3. Nc3 d6 4. Nge2 Nf6 5. g3 c5 6. Bg2 O-O 7. h3 Nbd7 8. O-O Rb8 9. a4 a6 10. dxc5 Nxc5 11. Nd4 Bd7 12. Re1 Qc8 13. Kh2 b5 14. axb5 axb5 15. Nd5 Nxd5 16.
exd5 e5 17. dxe6 fxe6 18. Be3 e5 19. Ne2 Rf6 20. Nc3 Kh8 21.
Nd5 Re6 22. Ra7 Na4 23. b3 Nc5 24. h4 Re8 25. Nb4 Qd8 26.
Bxc5 dxc5 27. Rxd7 Qf6 28. Nd5 Qf5 29. Ne3 Qxf2 30. Re2 Qf6 31. Nd5 Qf5 32. Ne3 Qf6 33.
Red2 Rf8 34. R2d6 Qf2 35. Rd3 c4 36. Ng4 Qf5 37. bxc4 bxc4 38. Rd2 Rb2 39. Rf2 Qe6 40. Rxf8+ Bxf8 41. Rc7 Rb8 42. Qd7 Qxd7 43. Rxd7 Bg7 44. Ne3 Rc8 45. Rd5 c3 46. Rd3 e4 47. Bxe4 Re8 48. Bf3 Rb8 49. Kh3 h6 50. Nd5 Rb2 51. Be4 Rxc2 52.
Bxg6 Rf2 53. Nf4 Bf8 1-0